 Dungeon Crawl Stone Soup version 0.30-a0-862-g1aabd4f9c5 (webtiles) character file.

Game seed: 14504600648856607367

146792 jasper the Severer (level 16, -4/167 HPs)
             Began as a Demonspawn Fighter on Mar 9, 2023.
             Was the Champion of Jiyva.
             Killed from afar by a deep elf zephyrmancer (34 damage)
             ... with a bolt of lightning
             ... on level 1 of the Elven Halls.
             The game lasted 00:39:16 (19529 turns).

jasper the Severer (Demonspawn Fighter)            Turns: 19529, Time: 00:39:17

Health: -4/167     AC: 26    Str: 34    XL:     16   Next: 60%
Magic:  16/16      EV:  6    Int: 13    God:    Jiyva [******]
Gold:   308        SH: 18    Dex: 20    Spells: 15/15 levels left

rFire   + . .      SeeInvis .    E - +0 broad axe (venom)
rCold   + + .      Faith    .    B - +0 kite shield
rNeg    + . .      Spirit   .    x - +2 gold dragon scales
rPois   +          Reflect  .    G - +0 helmet of the Sailor {Will+ Str+4 Dex+2 Stlth+}
rElec   .          Rampage  .    W - +2 cloak
rCorr   +          Clarity  +    U - +2 pair of gloves
Will    +++++                    M - +0 pair of boots Stlth
                                 p - amulet of magic regeneration
HPRegen 2.07/turn                Q - ring of protection from cold
MPRegen 1.05/turn                P - ring "Ewasyhum" {rN+ Str+6 Int+5 Dex-3}

@: marked
A: icy blue scales 1, foul stench 2, spiny 3, weakness stinger 2, hooves 1,
large bone plates 1, agile 2, clarity, strong-willed 3, sense surroundings 1,
robust 3, strong 1, eyeballs 1, pseudopods 1, jelly sensing items, engulf
}: 1/15 runes: slimy
a: Renounce Religion, Oozemancy, Slimify


You were on level 1 of the Elven Halls.
You worshipped Jiyva.
Jiyva was exalted by your worship.
You visited 5 branches of the dungeon, and saw 28 of its levels.
You also visited: Sewer, Bailey and Volcano.

You collected 2398 gold pieces.
You spent 2090 gold pieces at shops.

Inventory:

Hand Weapons
 a - a +1 war axe of flaming
 u - the +10 morningstar "Eos" {elec, Halo rElec}
   (You found it on level 5 of the Pits of Slime)

   Halo:      It grants its wielder a halo, revealing invisible creatures and
   increasing accuracy against all within it other than the wielder.
   rElec:     It insulates you from electricity.
 E - a +0 broad axe of venom (weapon)
 H - a +0 broad axe
Missiles
 f - 32 poisoned darts
 h - 135 stones (quivered)
 y - a throwing net
 D - 37 boomerangs
Armour
 m - a +4 chain mail
 x - +2 gold dragon scales (worn)
 z - +0 swamp dragon scales
 B - a +0 kite shield (worn)
 G - the +0 helmet of the Sailor (worn) {Will+ Str+4 Dex+2 Stlth+}
   (You bought it in a shop on level 12 of the Dungeon)

   Str:       It affects your strength (+4).
   Dex:       It affects your dexterity (+2).
   Will:      It increases your willpower.
   Stlth:     It makes you more stealthy.
 M - a +0 pair of boots (worn)
 U - a +2 pair of gloves (worn)
 V - a +1 chain mail of fire resistance
 W - a +2 cloak (worn)
Jewellery
 i - a +4 ring of protection
 p - an amulet of magic regeneration (around neck)
 L - a ring of protection from cold
 P - the ring "Ewasyhum" (right hand) {rN+ Str+6 Int+5 Dex-3}
   (You found it on level 10 of the Dungeon)

   [ring of positive energy]

   Str:       It affects your strength (+6).
   Int:       It affects your intelligence (+5).
   Dex:       It affects your dexterity (-3).
   rN:        It protects you from negative energy.
 Q - a ring of protection from cold (left hand)
 Y - a ring of flight
Wands
 n - a wand of flame (65)
 t - a wand of paralysis (6)
 v - a wand of mindburst (11)
 N - a wand of quicksilver (8)
 X - a wand of polymorph (3)
Scrolls
 b - 2 scrolls of immolation
 e - 5 scrolls of teleportation
 k - 4 scrolls of vulnerability
 q - a scroll of poison
 C - 3 scrolls of magic mapping
 I - a scroll of fog
 J - a scroll of identify
 O - a scroll of silence
 R - a scroll of enchant weapon
 S - a scroll of fear
Potions
 c - a potion of brilliance
 d - 6 potions of might
 g - 11 potions of curing
 j - 4 potions of lignification
 l - a potion of heal wounds
 o - 6 potions of ambrosia
 r - 3 potions of mutation
 s - a potion of haste
 w - a potion of flight
 A - a potion of resistance
 F - 2 potions of cancellation
 K - 3 potions of invisibility
Miscellaneous
 T - a box of beasts


   Skills:
 * Level 12.8 Fighting
 - Level 18.0 Axes
 + Level 11.7 Armour
 + Level 1.4 Dodging
 - Level 15.0 Shields
 + Level 1.6 Evocations


You had 15 spell levels left.
You didn't know any spells.
Your spell library contained the following spells:

 Spells                   Type           Power      Damage    Failure   Level
 Magic Dart               Conj           0%         1d3       100%        1
 Summon Small Mammal      Summ           0%         N/A       100%        1
 Call Imp                 Summ           0%         N/A       100%        2
 Passwall                 Tmut/Erth      0%         N/A       100%        2
 Call Canine Familiar     Summ           0%         N/A       100%        3
 Inner Flame              Hex/Fire       0%         N/A       100%        3
 Mephitic Cloud           Conj/Pois/Air  0%         N/A       100%        3
 Summon Guardian Golem    Hex/Summ       0%         N/A       100%        3
 Cause Fear               Hex            0%         N/A       100%        4
 Iskenderun's Mystic Bla  Conj/Tloc      0%         2d3       100%        4
 Leda's Liquefaction      Hex/Erth       0%         N/A       100%        4
 Manifold Assault         Tloc           0%         N/A       100%        4
 Irradiate                Conj/Tmut      0%         3d11      100%        5
 Lee's Rapid Deconstruct  Erth           0%         3d4*      100%        5
 Dispersal                Tloc           0%         N/A       100%        6
 Statue Form              Tmut/Erth      0%         N/A       100%        6
 Dragon Form              Tmut           0%         N/A       100%        7
 Discord                  Hex            0%         N/A       100%        8
 Disjunction              Tloc           0%         N/A       100%        8
 Dragon's Call            Summ           0%         N/A       100%        9


Dungeon Overview and Level Annotations

Branches:
Dungeon (15/15)            Temple (0/1) D:5            Lair (5/5) D:8
 Shoals (0/4) Lair:2       Spider (0/4) Lair:3        Slime (5/5) Lair:4
    Orc (2/2) D:12            Elf (1/3) Orc:2        Vaults (0/5) D:13
 Depths (0/4) D:15          Sewer (visited)          Bailey (visited)
Volcano (visited)

Altars:
Ashenzari
Cheibriados
Gozag
Makhleb
Okawaru
Qazlal
Ru
Sif Muna
Trog
Wu Jian
Jiyva

Shops:
D:10 [   D:12 [   Orc:2 !*(*(*

Annotations:
Slime:5 Royal Jelly


Innate Abilities, Weirdness & Mutations

You are partially covered in icy blue scales. (AC +2)
You sometimes emit foul miasma when damaged in melee.
You are completely covered in sharp spines.
You have a tail ending in a sharp stinger.
You have large cloven feet.
You are partially covered in large bone plates. (SH +4)
You are very agile. (Dex +8, Str/Int -2)
You possess an exceptional clarity of mind.
You are extremely strong-willed. (Will+++)
You passively map a small area around you.
You are extremely robust. (+30% HP)
Your muscles are strong. (Str +4, Int/Dex -1)
Your body has grown eyes which may confuse attackers. (Acc +3)
Armour fits poorly on your pseudopods.
You have a small jelly attached to you that senses nearby items.
Your melee attacks may engulf your foes in ooze.


Message History

The deep elf pyromancer is empowered by the deep elf high priest's aura!
The deep elf zephyrmancer is empowered by the deep elf high priest's aura! x2
The deep elf annihilator gestures wildly while chanting.
The deep elf annihilator blinks!
Things that are here:
a +0 dagger; a +0 chain mail You regained 2 hp, and now have 100/167 hp.
You slice the deep elf pyromancer!!
The deep elf pyromancer looks as sick as possible!
You engulf the deep elf pyromancer in ooze!
You tail-slap the deep elf pyromancer!
Your bludgeon misses the deep elf pyromancer.
The deep elf pyromancer is almost dead.
The deep elf pyromancer is asphyxiated!
You kill the deep elf pyromancer!
The deep elf zephyrmancer mumbles some strange words.
The deep elf zephyrmancer blinks!
You regained 2 hp, and now have 102/167 hp.
The deep elf zephyrmancer gestures wildly while chanting.
The deep elf zephyrmancer blinks!
The deep elf high priest invokes the aid of its god against you.
Something smites you!
Items here: )) [ †.
You take 9 damage, and have 93/167 hp.
You slice the deep elf annihilator!!
The deep elf annihilator looks as sick as possible!
You tail-slap the deep elf annihilator!
The deep elf annihilator is severely wounded.
The deep elf annihilator points at you and mumbles some strange words.
The crystal spear hits you!!!
* * * LOW HITPOINT WARNING * * *
You shudder from the blast and a jelly pops out!
The deep elf zephyrmancer mumbles some strange words.
The deep elf zephyrmancer blinks!
The deep elf zephyrmancer pulls the alarm!
The alarm trap emits a blaring wail!
A sentinel's mark forms upon you.
The deep elf zephyrmancer casts a spell at you.
The bolt of lightning hits you!!
You die...

* , , *
....#, ,
,.... . , ...
.# ,,,* ..#
§.. * , *
##''#...# ,
,, #.....e..,
* #.e...#. ,
* *
###@J#....
*,*
#.)..e.§... *
*##)##e..#''#
* #......## #
#..##e##, ,
,*#.....# , *
* * ##..##.#
, ##+#'#....#
#+..[##.##.#
,


You could see a deep elf annihilator (empowered, extremely poisoned, ally
target), a deep elf high priest (brilliance aura), 3 deep elf zephyrmancers and
a friendly quicksilver ooze (summoned).

Vanquished Creatures
  Saint Roka (Orc:2)
  Jorgrun (D:12)
  Kirke (D:15)
  Gastronok (D:8)
  Agnes (D:15)
  The ghost of mistaj the Severer, an adept GrFi of Gozag (Orc:2)
  4 orc warlords
  Nessos (Lair:5)
  Azrael (D:15)
  7 hydras
  A rakshasa (D:13)
  A death knight (D:13)
  3 catoblepae
  8 centaur warriors
  A dancing weapon (Elf:1)
  4 ogre magi (Orc:2)
  3 boulder beetles
  18 death yaks
  15 two-headed ogres
  A deep troll shaman (Lair:5)
  5 tengu warriors
  Nergalle (Lair:3)
  2 skysharks (Lair:5)
  2 skeletal warriors (Volcano)
  3 deep trolls (D:15)
  2 necromancers (D:15)
  5 orc knights
  An anaconda skeleton (Volcano)
  Pikel (D:7)
  A wizard (D:15)
  4 deep elf zephyrmancers
  A wolf spider (D:13)
  11 deep elf pyromancers
  An oklob plant (Lair:5)
  9 orc sorcerers
  5 cyclopes
  A cyclops (shapeshifter) (D:15)
  18 ugly things
  4 manticores
  Maurice (D:8)
  6 black mambas
  A water nymph (shapeshifter) (D:14)
  A merfolk siren (Lair:2)
  35 elephants
  6 gargoyles
  7 cane toads
  An unseen horror (D:12)
  2 rime drakes
  2 kobold demonologists (D:9)
  Maggie (D:8)
  3 komodo dragons
  2 polar bears (Lair:5)
  8 trolls
  4 harpy skeletons (Volcano)
  A hornet (D:9)
  9 blink frogs
  Grinder (D:5)
  14 dream sheep (Lair:5)
  Sigmund (D:4)
  2 shadows
  3 flying skulls (Volcano)
  2 wraiths (D:12)
  A spriggan (shapeshifter) (D:13)
  5 wyverns
  2 fire elementals (D:15)
  A hog (D:15)
  46 yaks
  5 basilisks
  11 vampire mosquitoes
  3 steam dragons
  3 swamp worms (D:10)
  9 wargs
  An acid dragon (D:10)
  8 water moccasins
  4 hell hounds (D:15)
  36 orc warriors
  A black bear (shapeshifter) (D:15)
  A sky beast (D:6)
  A swamp drake (Orc:1)
  2 black bears (Lair:5)
  33 ogres
  13 wolves
  20 centaurs
  A lemure (D:7)
  3 phantoms (D:6)
  2 kobold brigands
  11 bullfrogs
  A scorpion (D:5)
  2 necrophages (Lair:4)
  A hornet simulacrum (D:15)
  10 killer bees
  2 troll skeletons (Volcano)
  A spriggan skeleton (Volcano)
  A crimson imp (Orc:1)
  3 hounds
  2 iron imps
  10 orc priests
  A sleepcap (D:7)
  15 orc wizards
  3 naga skeletons (Volcano)
  6 gnolls
  14 adders
  A river rat (Sewer)
  A shadow imp (Orc:1)
  2 white imps
  6 worms
  3 dart slugs
  67 orcs
  8 ball pythons
  3 bats
  5 endoplasms
  3 giant cockroaches
  8 goblins
  11 hobgoblins
  4 jackals
  27 kobolds
  7 quokkas
  3 frilled lizards (D:1)
  6 rats
  2 bushes (D:14)
726 creatures vanquished.

Vanquished Creatures (collateral kills)
  A shadow (D:11)
1 creature vanquished.

Vanquished Creatures (others)
  An ogre mage (D:13)
  2 centaur warriors (D:13)
  A fire crab (shapeshifter) (D:13)
  An unseen horror (D:11)
  A cane toad (shapeshifter) (D:13)
  A rime drake (Lair:5)
  4 slime creatures
  2 humans (D:15)
  A wyvern (D:11)
  A basilisk (Lair:5)
  A warg (Orc:2)
  An acid dragon (D:8)
  An ogre (Orc:2)
  3 centaurs (D:13)
  2 necrophages (Lair:4)
  66 jellies
  2 orc wizards (Orc:2)
  3 adders
  6 orcs
  6 endoplasms (Sewer)
  A giant cockroach (Sewer)
  A goblin (D:3)
  2 ball pythons
  A bat (D:3)
  A frilled lizard (Sewer)
  A kobold (D:3)
  3 rats
  101 fungi
  126 plants
343 creatures vanquished.

Grand Total: 1070 creatures vanquished

Notes
Turn   | Place    | Note
-------+----------+-------------------------------------------
     0 | D:1      | jasper the Demonspawn Fighter began the quest for the Orb.
     0 | D:1      | Reached XP level 1. HP: 18/18 MP: 1/1
   102 | D:1      | Gained mutation: You may rarely emit foul miasma when
                  | damaged in melee. [demonic ancestry]
   102 | D:1      | Reached XP level 2. HP: 10/24 MP: 2/2
   511 | D:1      | Reached XP level 3. HP: 29/29 MP: 3/3
   756 | D:2      | Reached skill level 2 in Axes
  1064 | D:2      | Reached XP level 4. HP: 35/35 MP: 4/4
  1244 | D:2      | Reached skill level 3 in Axes
  1545 | D:3      | Found a faded altar of an unknown god.
  1561 | D:3      | Prayed at the altar of an unknown god.
  1561 | D:3      | Became a worshipper of Jiyva Jelalole the Shapeless
  1561 | D:3      | Reached * piety under Jiyva
  1634 | D:3      | Found a burning altar of Makhleb.
  1935 | D:3      | Reached ** piety under Jiyva
  2245 | D:4      | Gained mutation: You sometimes emit foul miasma when
                  | damaged in melee. [demonic ancestry]
  2245 | D:4      | Reached XP level 5. HP: 41/41 MP: 5/5
  2505 | D:4      | Reached *** piety under Jiyva
  2533 | D:4      | Reached skill level 4 in Axes
  2578 | D:4      | Noticed Sigmund
  2585 | D:4      | Killed Sigmund
  2586 | D:4      | Reached skill level 5 in Axes
  2586 | D:4      | Reached XP level 6. HP: 36/47 MP: 6/6
  2829 | D:5      | Entered Level 5 of the Dungeon
  2868 | D:5      | Gained mutation: You have large cloven feet. [Jiyva's
                  | grace]
  2868 | D:5      | Gained mutation: You have hoof-like feet. [Jiyva's grace]
  2868 | D:5      | Gained mutation: You have hooves in place of feet. [Jiyva's
                  | grace]
  2868 | D:5      | Gained mutation: Your muscles are strong. (Str +4, Int/Dex
                  | -1) [Jiyva's grace]
  2995 | D:5      | Reached skill level 6 in Axes
  3163 | D:5      | Noticed Grinder
  3164 | D:5      | Paralysed by Grinder for 3 turns
  3183 | D:5      | Paralysed by Grinder for 3 turns
  3186 | D:5      | Killed Grinder
  3187 | D:5      | Gained mutation: You are partially covered in icy blue
                  | scales. (AC +2) [demonic ancestry]
  3187 | D:5      | Reached XP level 7. HP: 52/52 MP: 7/7
  3214 | D:5      | Found a staircase to the Ecumenical Temple.
  3277 | D:5      | Reached skill level 7 in Axes
  3566 | D:6      | Reached **** piety under Jiyva
  3610 | D:6      | Reached skill level 8 in Axes
  3617 | D:6      | Gained mutation: You have a small tail. [demonic ancestry]
  3617 | D:6      | Reached XP level 8. HP: 56/58 MP: 8/8
  3651 | D:6      | Found a snail-covered altar of Cheibriados.
  3760 | D:6      | Found a glowing drain.
  3785 | D:6      | Reached skill level 9 in Axes
  3805 | Sewer    | Entered a sewer
  3975 | Sewer    | Found a viscous altar of Jiyva.
  4293 | D:7      | Noticed Pikel
  4323 | D:7      | Killed Pikel
  4324 | D:7      | Reached skill level 10 in Axes
  4324 | D:7      | Gained mutation: You are partially covered in sharp spines.
                  | [demonic ancestry]
  4324 | D:7      | Reached XP level 9. HP: 53/63 MP: 9/9
  4384 | D:7      | Reached skill level 11 in Axes
  4854 | D:7      | Found a sacrificial altar of Ru.
  5141 | D:8      | Noticed Maurice
  5160 | D:8      | Killed Maurice
  5161 | D:8      | Reached skill level 12 in Axes
  5233 | D:8      | Lost mutation: You have hooves in place of feet. [Jiyva's
                  | grace]
  5233 | D:8      | Gained mutation: Your body has grown eyes which may confuse
                  | attackers. (Acc +3) [Jiyva's grace]
  5233 | D:8      | Gained mutation: Your body has grown many eyes which may
                  | confuse attackers. (Acc +5) [Jiyva's grace]
  5233 | D:8      | Gained mutation: Your body is covered in eyes which may
                  | confuse attackers. (Acc +7, SInv) [Jiyva's grace]
  5233 | D:8      | Gained mutation: Your system is resistant to poisons.
                  | (rPois) [Jiyva's grace]
  5237 | D:8      | Noticed Maggie
  5247 | D:8      | Killed Maggie
  5262 | D:8      | Found a staircase to the Lair.
  5427 | D:8      | Found a flagged portal.
  5447 | Bailey   | Entered a bailey
  5452 | Bailey   | Noticed an orc warlord
  5553 | Bailey   | Found a runed translucent gate.
  5553 | Bailey   | Found a runed translucent gate.
  5553 | Bailey   | Found a runed translucent gate.
  5825 | Bailey   | Killed an orc warlord
  5826 | Bailey   | Reached XP level 10. HP: 12/71 MP: 10/10
  5882 | D:8      | Noticed Gastronok
  5900 | D:8      | Killed Gastronok
  5901 | D:8      | Reached skill level 13 in Axes
  5901 | D:8      | Reached skill level 5 in Shields
  6591 | D:9      | Reached skill level 5 in Fighting
  6639 | D:9      | Found a shimmering blue altar of Sif Muna.
  6873 | D:9      | Found a stormy altar of Qazlal.
  6901 | D:9      | Found an iron altar of Okawaru.
  6936 | D:9      | Reached XP level 11. HP: 73/80 MP: 11/11
  6946 | D:9      | Reached skill level 5 in Armour
  7030 | D:9      | Found an opulent altar of Gozag.
  7030 | D:9      | Noticed a two-headed ogre
  7037 | D:9      | Killed a two-headed ogre
  7153 | D:9      | Found a broken altar of Ashenzari.
  7177 | D:9      | Reached ***** piety under Jiyva
  7381 | D:9      | Found an ornate altar of the Wu Jian Council.
  7388 | D:9      | Reached skill level 14 in Axes
  7644 | D:10     | Entered Level 10 of the Dungeon
  7691 | D:10     | Found Zahannir's Armour Emporium.
  7941 | D:10     | Lost mutation: You have hoof-like feet. [Jiyva's grace]
  7941 | D:10     | Lost mutation: Your system is resistant to poisons. (rPois)
                  | [Jiyva's grace]
  7941 | D:10     | Lost mutation: Your muscles are strong. (Str +4, Int/Dex
                  | -1) [Jiyva's grace]
  7941 | D:10     | Lost mutation: Your body is covered in eyes which may
                  | confuse attackers. (Acc +7, SInv) [Jiyva's grace]
  7941 | D:10     | Lost mutation: Your body has grown many eyes which may
                  | confuse attackers. (Acc +5) [Jiyva's grace]
  7941 | D:10     | Gained mutation: Your muscles are strong. (Str +4, Int/Dex
                  | -1) [Jiyva's grace]
  7941 | D:10     | Gained mutation: Your muscles are very strong. (Str +8,
                  | Int/Dex -2) [Jiyva's grace]
  7941 | D:10     | Gained mutation: You have a small jelly attached to you
                  | that senses nearby items. [Jiyva's grace]
  7941 | D:10     | Gained mutation: Your melee attacks may engulf your foes in
                  | ooze. [Jiyva's grace]
  8110 | D:10     | Identified the ring "Ewasyhum" {rN+ Str+6 Int+5 Dex-3}
  8524 | D:11     | Reached ****** piety under Jiyva
  8986 | Lair:1   | Entered Level 1 of the Lair of Beasts
  9071 | Lair:1   | Noticed a catoblepas
  9093 | Lair:1   | Killed a catoblepas
  9094 | Lair:1   | Gained mutation: You have a tail ending in a sharp stinger.
                  | [demonic ancestry]
  9094 | Lair:1   | Reached XP level 12. HP: 73/91 MP: 12/12
  9377 | Lair:1   | Gained mutation: You are agile. (Dex +4, Str/Int -1)
                  | [Jiyva's grace]
  9377 | Lair:1   | Gained mutation: You are very agile. (Dex +8, Str/Int -2)
                  | [Jiyva's grace]
  9377 | Lair:1   | Gained mutation: You possess an exceptional clarity of
                  | mind. [Jiyva's grace]
  9377 | Lair:1   | Gained mutation: You have hoof-like feet. [Jiyva's grace]
 10093 | Lair:2   | Identified the +11 trident of Poot {flame, Int+2 Dex+4}
 10288 | Lair:2   | Found a staircase to the Shoals.
 10477 | Lair:2   | Reached skill level 15 in Axes
 10659 | Lair:3   | Noticed a death yak
 10659 | Lair:3   | Noticed a death yak
 10673 | Lair:3   | Noticed a death yak
 10673 | Lair:3   | Noticed a death yak
 10674 | Lair:3   | Noticed a death yak
 10676 | Lair:3   | Noticed a death yak
 10680 | Lair:3   | Killed a death yak
 10683 | Lair:3   | Killed a death yak
 10685 | Lair:3   | Killed a death yak
 10687 | Lair:3   | Killed a death yak
 10689 | Lair:3   | Killed a death yak
 10690 | Lair:3   | Killed a death yak
 10796 | Lair:3   | Noticed a four-headed hydra
 10801 | Lair:3   | Killed a one-headed hydra
 10812 | Lair:3   | Found a hole to the Spider Nest.
 10991 | Lair:3   | Lost mutation: You are very agile. (Dex +8, Str/Int -2)
                  | [Jiyva's grace]
 10991 | Lair:3   | Lost mutation: Your muscles are very strong. (Str +8,
                  | Int/Dex -2) [Jiyva's grace]
 10991 | Lair:3   | Gained mutation: You are partially covered in large bone
                  | plates. (SH +4) [Jiyva's grace]
 10991 | Lair:3   | Gained mutation: You are mostly covered in large bone
                  | plates. (SH +6) [Jiyva's grace]
 10991 | Lair:3   | Gained mutation: You are completely covered in large bone
                  | plates. (SH +8) [Jiyva's grace]
 10991 | Lair:3   | Gained mutation: You are strong-willed. (Will+) [Jiyva's
                  | grace]
 10999 | Lair:3   | Found a dark tunnel.
 11009 | Volcano  | Entered a volcano
 11061 | Volcano  | Gained mutation: You are mostly covered in sharp spines.
                  | [demonic ancestry]
 11061 | Volcano  | Reached XP level 13. HP: 99/99 MP: 13/13
 11215 | Volcano  | Reached skill level 16 in Axes
 11489 | Lair:3   | Noticed Nergalle
 11498 | Lair:3   | Killed Nergalle
 11924 | Lair:4   | Found a viscous altar of Jiyva.
 11924 | Lair:4   | Found a staircase to the Slime Pits.
 12782 | Slime:1  | Entered Level 1 of the Pits of Slime
 12784 | Slime:1  | Noticed an azure jelly
 12802 | Slime:4  | Noticed an azure jelly
 12807 | Slime:4  | Noticed an acid blob
 12808 | Slime:4  | Noticed a rockslime
 12809 | Slime:4  | Noticed an azure jelly
 12825 | Slime:5  | Entered Level 5 of the Pits of Slime
 12825 | Slime:5  | Noticed a quicksilver ooze
 12830 | Slime:5  | Noticed an acid blob
 12832 | Slime:5  | Noticed an acid blob
 12836 | Slime:5  | Found a viscous altar of Jiyva.
 12836 | Slime:5  | Noticed an acid blob
 12837 | Slime:5  | Noticed the Royal Jelly
 12839 | Slime:5  | Noticed a quicksilver ooze
 12841 | Slime:5  | Noticed an acid blob
 12842 | Slime:5  | Got Xucsuxzy's Atlas of the Altered Compass
 12845 | Slime:5  | Noticed an acid blob
 12845 | Slime:5  | Noticed an azure jelly
 12848 | Slime:5  | Noticed an acid blob
 12849 | Slime:5  | Identified the +8 quarterstaff "Jaffon" {drain, rElec}
 12851 | Slime:5  | Got a slimy rune of Zot
 12852 | Slime:5  | Identified the +1 shadow dragon scales of Lust {rC- Str+2
                  | Int+6 Dex-2 Stlth++++}
 12859 | Slime:5  | Found the +10 morningstar "Eos" {elec, Halo rElec}
 12877 | Slime:5  | Identified the +4 dagger of Baawyoz {drain, Str+3 Stlth+}
 12911 | Slime:5  | Noticed an acid blob
 12944 | Slime:1  | Noticed a quicksilver ooze
 12991 | Lair:5   | Entered Level 5 of the Lair of Beasts
 13084 | Lair:5   | Reached XP level 14. HP: 107/109 MP: 14/14
 13148 | Lair:5   | Reached skill level 10 in Fighting
 13148 | Lair:5   | Reached skill level 17 in Axes
 13426 | Lair:5   | Reached skill level 10 in Shields
 13485 | Lair:5   | Noticed Nessos
 13506 | Lair:5   | Killed Nessos
 13650 | Lair:5   | Lost mutation: You are completely covered in large bone
                  | plates. (SH +8) [Jiyva's grace]
 13650 | Lair:5   | Gained mutation: Armour fits poorly on your pseudopods.
                  | [Jiyva's grace]
 13650 | Lair:5   | Gained mutation: Armour fits poorly on your large
                  | pseudopods. [Jiyva's grace]
 13650 | Lair:5   | Gained mutation: Armour fits poorly on your massive
                  | pseudopods. [Jiyva's grace]
 13650 | Lair:5   | Gained mutation: You are highly strong-willed. (Will++)
                  | [Jiyva's grace]
 14274 | D:12     | Reached skill level 10 in Armour
 14328 | D:12     | Found a staircase to the Orcish Mines.
 14349 | D:12     | Noticed Jorgrun
 14359 | D:12     | Killed Jorgrun
 14425 | D:12     | Found Meget's Armour Shoppe.
 14432 | D:12     | Bought +1 gold dragon scales for 1218 gold pieces
 14586 | D:12     | Reached skill level 18 in Axes
 15000 | Orc:1    | Entered Level 1 of the Orcish Mines
 15134 | Orc:1    | Noticed an orc warlord
 15138 | Orc:1    | Gained mutation: You are completely covered in sharp
                  | spines. [demonic ancestry]
 15138 | Orc:1    | Reached XP level 15. HP: 118/118 MP: 15/15
 15456 | Orc:2    | Entered Level 2 of the Orcish Mines
 15743 | Orc:2    | Found Pthranur's Practical Paraphernalia.
 15759 | Orc:2    | Found a staircase to the Elven Halls.
 15842 | Orc:2    | Found Royss's Antique Weapon Boutique.
 15842 | Orc:2    | Found Vuraonint's Distillery.
 15851 | Orc:2    | Found Iseenyg's Assorted Antiques.
 15851 | Orc:2    | Found Hirphom's Assorted Antiques.
 15910 | Orc:2    | Bought a potion of curing for 63 gold pieces
 15912 | Orc:2    | Bought a potion of curing for 51 gold pieces
 15912 | Orc:2    | Bought a potion of curing for 51 gold pieces
 15912 | Orc:2    | Bought a potion of ambrosia for 136 gold pieces
 15912 | Orc:2    | Bought a potion of might for 68 gold pieces
 15979 | Orc:2    | Noticed Saint Roka
 16035 | Orc:1    | Lost mutation: You are agile. (Dex +4, Str/Int -1) [Jiyva's
                  | grace]
 16035 | Orc:1    | Gained mutation: You passively map a small area around you.
                  | [Jiyva's grace]
 16035 | Orc:1    | Gained mutation: You passively map the area around you.
                  | [Jiyva's grace]
 16035 | Orc:1    | Gained mutation: You passively map a large area around you.
                  | [Jiyva's grace]
 16035 | Orc:1    | Gained mutation: You are somewhat resistant to further
                  | mutation. [Jiyva's grace]
 16223 | Orc:2    | Killed Saint Roka
 16406 | Orc:2    | Found a large runed translucent door.
 16406 | Orc:2    | Found a large runed translucent door.
 16407 | Orc:2    | Noticed mistaj's ghost (adept GrFi)
 16440 | Orc:2    | Killed mistaj's ghost
 16520 | Orc:2    | Found Qoakhamp's Firing Range.
 16527 | Orc:2    | Bought a throwing net for 48 gold pieces
 16754 | D:12     | Bought the +0 helmet of the Sailor {Will+ Str+4 Dex+2
                  | Stlth+} for 455 gold pieces
 17011 | D:13     | Found a gate to the Vaults.
 17136 | D:13     | Identified the +1 scale mail of Sais {rElec rC- Dex+2}
 17327 | D:13     | Reached XP level 16. HP: 129/129 MP: 16/16
 17553 | D:14     | Lost mutation: You have hoof-like feet. [Jiyva's grace]
 17553 | D:14     | Lost mutation: You are highly strong-willed. (Will++)
                  | [Jiyva's grace]
 17553 | D:14     | Lost mutation: You are somewhat resistant to further
                  | mutation. [Jiyva's grace]
 17553 | D:14     | Lost mutation: You passively map a large area around you.
                  | [Jiyva's grace]
 17553 | D:14     | Lost mutation: You passively map the area around you.
                  | [Jiyva's grace]
 17553 | D:14     | Lost mutation: Armour fits poorly on your massive
                  | pseudopods. [Jiyva's grace]
 17553 | D:14     | Lost mutation: Armour fits poorly on your large pseudopods.
                  | [Jiyva's grace]
 17553 | D:14     | Gained mutation: You are highly strong-willed. (Will++)
                  | [Jiyva's grace]
 17553 | D:14     | Gained mutation: You are extremely strong-willed. (Will+++)
                  | [Jiyva's grace]
 17553 | D:14     | Gained mutation: You are agile. (Dex +4, Str/Int -1)
                  | [Jiyva's grace]
 17553 | D:14     | Gained mutation: You are very agile. (Dex +8, Str/Int -2)
                  | [Jiyva's grace]
 18151 | D:15     | Entered Level 15 of the Dungeon
 18373 | D:15     | Found a bloodstained altar of Trog.
 18521 | D:15     | Noticed Azrael
 18536 | D:15     | Killed Azrael
 18621 | D:15     | Noticed Kirke
 18634 | D:15     | Killed Kirke
 18667 | D:15     | Found a staircase to the Depths.
 18706 | D:15     | Noticed Agnes
 18712 | D:15     | Killed Agnes
 18713 | D:15     | Reached skill level 15 in Shields
 19382 | Elf:1    | Entered Level 1 of the Elven Halls
 19393 | Elf:1    | Reached skill level 1 in Evocations
 19401 | Elf:1    | Reached skill level 1 in Dodging
 19431 | Elf:1    | Lost mutation: You are mostly covered in large bone plates.
                  | (SH +6) [Jiyva's grace]
 19431 | Elf:1    | Lost mutation: Armour fits poorly on your pseudopods.
                  | [Jiyva's grace]
 19431 | Elf:1    | Gained mutation: You are robust. (+10% HP) [Jiyva's grace]
 19431 | Elf:1    | Gained mutation: You are very robust. (+20% HP) [Jiyva's
                  | grace]
 19431 | Elf:1    | Gained mutation: You are extremely robust. (+30% HP)
                  | [Jiyva's grace]
 19431 | Elf:1    | Gained mutation: Armour fits poorly on your pseudopods.
                  | [Jiyva's grace]
 19529 | Elf:1    | Killed from afar by a deep elf zephyrmancer

Illustrated notes

Levels and vault maps discovered:
D:1:      minmay_arrival_open_corners, layout_rooms
D:2:      layout_loops_ring
D:3:      layout_basic, mainiacjoe_overflow_catwalk, basic_ecumenical_altar
D:4:      layout_cave_pools, uniq_sigmund
D:5:      layout_basic, minmay_temple_entry_offerings, uniq_grinder
D:6:      layout_rooms, slow_altar_1, cheibrodos_sewer_entry_bend,
          serial_bayou_pond_d
D:7:      layout_gridville, nicolae_overflow_hidden_temple,
          minmay_misc_feat_square, minivault_19, uniq_pikel
D:8:      layout_loops_ring, lair_entry_dummy, enter_bailey_4, uniq_maurice,
          uniq_maggie, uniq_gastronok
D:9:      layout_basic, mainiacjoe_overflow_chevrons, kennysheep_mini,
          lemuel_crystal_altar, mainiacjoe_overflow_24_doors,
          chequers_temple_overflow_statue_of_worship, minivault_22
D:10:     layout_rooms, serial_shops, nicolae_shop_statue_plus, worms_lemuel
D:11:     layout_irregular_city
D:12:     layout_irregular_city, david_orc_3, serial_shops,
          nicolae_stop_n_shop_2, uniq_jorgrun
D:13:     minmay_swirls_squares, layout_rooms
D:14:     layout_basic, dreamdust_princess_bridge
D:15:     hangedman_depths_entry_civil_slaughter, layout_basic,
          trog_three_pillars_becter, grunt_ministairs_4, tso_metal_star,
          uniq_agnes, uniq_azrael, uniq_kirke
Lair:1:   layout_regular_city, serial_bayou_lagoon_a
Lair:2:   layout_loops_ring, elwin_shoals_entry_rooms, lemuel_fruit_tree
Lair:3:   layout_cave_pods, dummy_spider_entry, nicolae_volcano_entry_two_sided,
          infiniplex_staircase_pool_2, uniq_nergalle
Lair:4:   layout_cellular_growth, slime_entry_1, nicolae_quartered_pool_little,
          roderic_carrion_pond
Lair:5:   grunt_lair_end_beastmaster, layout_loops_ring,
          chequers_serial_rivers_micro_c, patterned_corridor, uniq_nessos
Slime:1:  layout_caves, cheibrodos_slime_lost_civilization_6
Slime:2:  layout_caves
Slime:3:  layout_caves
Slime:4:  layout_caves, special_room [special_room_jelly]
Slime:5
Orc:1:    cheibrodos_orc_guarddog, layout_caves, basic_altar,
          hangedman_minor_magic
Orc:2:    st_orc_ogre_mass, layout_caves, ebering_ghost_disaster_area,
          nicolae_alphabet_shops, nicolae_shop_firing_range, uniq_saint_roka
Elf:1:    elf_arrival_001, layout_geoelf_grid, serial_shops,
          nicolae_shop_hallway_stairs, hangedman_elf_represent

Skill      XL: |  1  2  3  4  5  6  7  8  9 10 11 12 13 14 15 16 |
---------------+-------------------------------------------------+-----
Shields        | 3 4 5 7 8 9 10 13 15 | 15.0
Axes           | 2 3 5 6 8 10 12 13 14 15 16 18 | 18.0
Armour         | 3 4 6 7 9 10 11 | 11.7
Fighting       | 5 7 8 9 11 12 | 12.8
Evocations     | 1 |  1.6
Dodging        | 1 |  1.4

Action                     |  1- 3 |  4- 6 |  7- 9 | 10-12 | 13-15 | 16-18 || total
---------------------------+-------+-------+-------+-------+-------+-------++-------
  Melee: War axe           |   113 |   130 |   237 |     7 |    15 |       ||   502
         Kick              |       |     7 |    65 |     4 |       |       ||    76
         Tailslap          |       |       |    27 |    65 |   154 |    51 ||   297
         Broad axe         |       |       |       |   315 |   688 |   231 ||  1234
         Pseudopods        |       |       |       |       |   116 |    62 ||   178
  Throw: Stone             |       |       |     5 |     1 |       |       ||     6
 Invoke: Slimify           |       |       |     2 |       |     2 |       ||     4
         Oozemancy         |       |       |     1 |     1 |     4 |     1 ||     7
    Use: Scroll            |       |     8 |     9 |     8 |     5 |     1 ||    31
         Potion            |       |     1 |       |     1 |     8 |       ||    10
   Stab: Confused          |       |       |     3 |    10 |    16 |       ||    29
         Petrified         |       |       |       |     2 |    16 |       ||    18
         Distracted        |       |       |       |       |     1 |       ||     1
 Armour: Scale mail        |    58 |       |       |       |       |       ||    58
         Chain mail        |     9 |   102 |   150 |   255 |   123 |       ||   639
         Shadow dragon sca |       |       |       |       |   188 |       ||   188
         Gold dragon scale |       |       |       |       |   161 |    72 ||   233
  Dodge: Dodged            |    54 |    52 |    82 |   103 |   165 |    32 ||   488
  Block: Buckler           |    38 |    28 |    61 |   103 |   160 |       ||   390
         Kite shield       |       |       |       |       |   597 |   205 ||   802

Table legend: (Time is in decaauts)
 A = Elapsed time spent in this place.
 B = Non-inter-level travel time spent in this place.
 C = Inter-level travel time spent in this place.
 D = Time resting spent in this place.
 E = Time spent auto-exploring this place.
 F = Levels seen in this place.
 G = Mean time per level.
                   A        B        C        D        E       F      G
               +--------+--------+--------+--------+--------+-----+--------+
         Total |  19533 |  18474 |   1059 |   1371 |  12052 |  31 |  630.1 |
       Dungeon |  11937 |  11282 |    655 |    940 |   7658 |  15 |  795.8 |
          Lair |   4572 |   4321 |    251 |    100 |   3104 |   5 |  914.4 |
    Slime Pits |    162 |    111 |     51 |      0 |      0 |   5 |   32.4 |
  Orcish Mines |   1695 |   1595 |    100 |    200 |    866 |   2 |  847.5 |
   Elven Halls |    141 |    141 |      0 |      0 |     89 |   1 |  141.0 |
         Sewer |    214 |    214 |      0 |      0 |    121 |   1 |  214.0 |
        Bailey |    421 |    421 |      0 |    118 |    101 |   1 |  421.0 |
       Volcano |    388 |    388 |      0 |     13 |    112 |   1 |  388.0 |
               +--------+--------+--------+--------+--------+-----+--------+

Top non-repeatable levels by time:
     D:9: 1118 daAuts
    D:15: 1090 daAuts
  Lair:5: 1081 daAuts
     D:8: 1030 daAuts
  Lair:4: 978 daAuts
  Lair:3: 905 daAuts
     D:2: 893 daAuts
   Orc:2: 874 daAuts
    D:14: 842 daAuts
     D:6: 838 daAuts
   Orc:1: 821 daAuts
  Lair:2: 810 daAuts
    D:12: 803 daAuts
  Lair:1: 795 daAuts
     D:3: 793 daAuts
